 Dungeon Crawl Stone Soup version 0.21.1-1-g345015f (webtiles) character file.

13714 xccam the Basher (level 11, -2/102 HPs)
             Began as a Minotaur Monk on Mar 10, 2018.
             Was an Elder of Ru.
             Splashed by an oklob plant's acid (10 damage)
             ... on level 11 of the Dungeon.
             The game lasted 00:26:19 (10338 turns).

xccam the Basher (Minotaur Monk)                   Turns: 10338, Time: 00:26:20

Health: -2/102     AC:  8    Str: 19    XL:     11   Next: 79%
Magic:  0/10       EV: 11    Int:  7    God:    Ru [****..]
Gold:   534        SH:  0    Dex: 13    Spells: 10/10 levels left

rFire    . . .     SeeInvis .   y - +2 whip (freeze)
rCold    . . .     Gourm    .   (no shield)
rNeg     . . .     Faith    .   J - +0 plate armour
rPois    +         Spirit   +   (helmet restricted)
rElec    .         Reflect  .   e - scarf {Spirit}
rCorr    .         Harm     .   w - +0 pair of gloves
MR       .....                  (no boots)
Stlth    ..........             (no amulet)
HPRegen  0.27/turn              n - ring of poison resistance
MPRegen  0.12/turn              p - +4 ring of protection

@: corroded
A: retaliatory headbutt, horns 2, no stealth, inability to use devices, no earth
magic, no summoning magic, no transmutations magic
a: Draw Out Power, Power Leap, Renounce Religion


You were on level 11 of the Dungeon.
You worshipped Ru.
Ru was greatly pleased with you.
You were not hungry.

You visited 2 branches of the dungeon, and saw 12 of its levels.
You also visited: Ossuary.

You collected 834 gold pieces.
You spent 300 gold pieces at shops.

Inventory:

Hand Weapons
 y - a +2 whip of freezing (weapon)
Missiles
 H - 8 javelins (quivered)
Armour
 e - a scarf of spirit shield (worn)
 w - a +0 pair of gloves (worn)
 z - a +0 buckler
 G - a +0 cloak
 J - a +0 plate armour (worn)
Jewellery
 f - a +1 ring of evasion
 k - an uncursed ring of see invisible
 n - a ring of poison resistance (left hand)
 p - a +4 ring of protection (right hand)
 q - an uncursed ring of fire
 s - an uncursed ring of protection from fire
 A - an uncursed ring of fire
 L - an uncursed amulet of rage
Scrolls
 b - 6 scrolls of amnesia
 d - 9 scrolls of teleportation
 h - 4 scrolls of identify
 j - a scroll of fog
 l - 4 scrolls of enchant armour
 r - 2 scrolls of blinking
 v - a scroll of brand weapon {unknown}
 D - a scroll of immolation {unknown}
 M - 2 scrolls of remove curse
Potions
 a - a potion of heal wounds
 g - 3 potions of lignification
 o - a potion of mutation {unknown}
 u - 2 potions of curing
 x - 2 potions of ambrosia
 B - a potion of brilliance
 E - 2 potions of magic
 K - a potion of agility
Books
 i - a book of Conjurations

   Spells                             Type                      Level
   a - Magic Dart                     Conjuration                  1
   b - Searing Ray                    Conjuration                  2
   c - Dazzling Spray                 Conjuration/Hexes            3
   d - Fulminant Prism                Conjuration/Hexes            4
   e - Force Lance                    Conjuration/Translocation    4
   f - Iskenderun's Mystic Blast      Conjuration                  4
 t - a book of Misfortune

   Spells                             Type                      Level
   a - Confusing Touch                Hexes                        1
   b - Confuse                        Hexes                        3
   c - Gell's Gravitas                Translocation                3
   d - Petrify                        Transmutation/Earth          4
   e - Metabolic Englaciation         Hexes/Ice                    5
   f - Yara's Violent Unravelling     Hexes/Transmutation          5
 N - a book of Changes

   Spells                             Type                      Level
   a - Beastly Appendage              Transmutation                1
   b - Sticks to Snakes               Transmutation                2
   c - Spider Form                    Transmutation/Poison         3
   d - Ice Form                       Ice/Transmutation            4
   e - Blade Hands                    Transmutation                5
Comestibles
 c - 22 rations
 m - 5 chunks of flesh


   Skills:
 + Level 11.4 Fighting
 + Level 13.1 Maces & Flails
 + Level 10.7 Armour
 + Level 10.5 Dodging
 + Level 0.0 Shields


You had 10 spell levels left.
You didn't know any spells.

Dungeon Overview and Level Annotations

Branches:
Dungeon (11/15)            Temple (1/1) D:7            Lair (0/6) D:11
    Orc (0/2) D:9

Altars:
Ashenzari
Cheibriados
Fedhas
Kikubaaqudgha
Makhleb
Nemelex Xobeh
Ru
Sif Muna
Trog
Uskayaw
Vehumet
Wu Jian
Xom
The Shining One

Shops:
D:8 *

Annotations:
D:11 exclusion: oklob plant


Innate Abilities, Weirdness & Mutations

You reflexively headbutt those who attack you in melee.
You have a pair of horns on your head.
You cannot be stealthy.
You cannot study or use magical devices.
You cannot study or cast Earth magic.
You cannot study or cast Summoning magic.
You cannot study or cast Transmutations magic.


Message History

The oklob plant is severely damaged.
The oklob plant spits acid at you. The splash of acid hits you!
The acid corrodes you!
You are splashed with acid!
The acid burns!
You hit the oklob plant but do no damage.
You headbutt the oklob plant, but do no damage.
The oklob plant is severely damaged.
You hit the oklob plant but do no damage.
You headbutt the oklob plant, but do no damage.
The oklob plant is severely damaged.
The oklob plant spits acid at you. The splash of acid hits you!
* * * LOW HITPOINT WARNING * * *
You are splashed with acid!
The acid burns!
* * * LOW HITPOINT WARNING * * *
The oklob plant spits acid at you. The splash of acid hits you!
* * * LOW HITPOINT WARNING * * *
You are splashed with acid!
The acid burns!
You die...

..###.#...... ###
##.##..#..
#####...#).##.
.........))##.
#.###..†##.##. ##
##.####.###.##.
)..#######...###.#
#.###
#...≈...#......##.#.##
...#..@#.....####.###.#
#P.!##....# ##.#.##
#..PPPPP..#.## #.##
#≈.PP>PP.≈#.# #.#
#..PPPP...#.## #.#
...##.PP##....# #†#
#... #...#.....# #.#
#.. ...≈...#...# #<# #.
#######....# #.#.#


You could see an oklob plant.

Vanquished Creatures
  Josephine (D:10)
  A two-headed ogre (D:11)
  An unseen horror (D:11)
  Pikel (D:7)
  2 ugly things
  A manticore (D:11)
  Psyche (D:11)
  2 queen bees
  2 trolls
  A hornet (D:8)
  The ghost of soepske the Caller, an amateur GnSu of Sif Muna (D:5)
  Prince Ribbit (D:5)
  2 hippogriffs
  3 yaks (D:10)
  2 hungry ghosts
  4 wraiths (D:10)
  The ghost of Mirai the Conjurer, an amateur DrCj (D:3)
  Menkaure (D:6)
  Duvessa (D:7)
  5 water moccasins (D:8)
  2 sky beasts
  2 necrophages (D:10)
  3 ice beasts
  3 ogres
  4 orc warriors
  4 centaurs
  A big kobold (D:10)
  A bullfrog (D:8)
  A gnoll sergeant (D:11)
  Dowan (D:7)
  2 scorpions (D:10)
  A water moccasin skeleton (D:5)
  49 killer bees
  3 howler monkeys
  3 bullfrog zombies
  3 crimson imps
  3 centaur zombies
  A human zombie (Ossuary)
  Crazy Yiuf (D:6)
  3 hounds
  5 orc priests
  2 bullfrog skeletons
  A centaur skeleton (D:5)
  2 jellies
  Jessica (D:2)
  3 iguanas
  8 orc wizards
  5 worker ants
  A hound zombie (D:2)
  3 mummies
  A worker ant zombie (D:8)
  7 gnolls
  A howler monkey skeleton (D:5)
  8 adders
  A shadow imp (D:5)
  An ooze (D:3)
  3 adder skeletons
  4 adder zombies
  A worm (D:4)
  A dart slug (D:1)
  6 leopard geckos
  44 orcs
  4 giant cockroaches
  6 goblins
  7 hobgoblins
  11 jackals
  6 quokkas
  A ball python (D:3)
  2 bats
  6 frilled lizards
  5 goblin zombies (Ossuary)
  12 hobgoblin zombies (Ossuary)
  A jackal zombie (Ossuary)
  17 kobolds
  9 kobold zombies (Ossuary)
  A leopard gecko skeleton (D:5)
  5 orc zombies (Ossuary)
  A quokka zombie (D:8)
  10 rats
  2 rat zombies (Ossuary)
340 creatures vanquished.

Vanquished Creatures (others)
  A troll (D:11)
  A killer bee (D:10)
  A bullfrog skeleton (D:9)
  An iguana (D:11)
  A worker ant (D:9)
  A gnoll (D:11)
6 creatures vanquished.

Grand Total: 346 creatures vanquished

Notes
Turn   | Place    | Note
-------+----------+-------------------------------------------
     0 | D:1      | xccam the Minotaur Monk began the quest for the Orb.
     0 | D:1      | Reached XP level 1. HP: 19/19 MP: 0/0
   346 | D:1      | Reached skill level 4 in Maces & Flails
   422 | D:1      | Reached XP level 2. HP: 22/26 MP: 1/1
   756 | D:1      | Reached skill level 5 in Maces & Flails
   756 | D:1      | Reached XP level 3. HP: 31/31 MP: 2/2
  1101 | D:2      | Noticed Jessica
  1164 | D:2      | Killed Jessica
  1164 | D:2      | Reached skill level 6 in Maces & Flails
  1164 | D:2      | Reached XP level 4. HP: 17/39 MP: 0/3
  1212 | D:2      | Found an ornate altar of the Wu Jian Council.
  1617 | D:2      | You fall through a shaft!
  1809 | D:3      | Reached XP level 5. HP: 41/45 MP: 4/4
  1813 | D:3      | Reached skill level 7 in Maces & Flails
  2054 | D:3      | Noticed Mirai's ghost (amateur DrCj)
  2069 | D:3      | Killed Mirai's ghost
  2069 | D:3      | Reached skill level 8 in Maces & Flails
  2069 | D:3      | Reached XP level 6. HP: 31/51 MP: 3/5
  2399 | D:3      | Reached skill level 9 in Maces & Flails
  3144 | D:4      | Noticed a moth of wrath
  3146 | D:4      | Found a bloodstained altar of Trog.
  3228 | D:5      | Entered Level 5 of the Dungeon
  3261 | D:5      | Reached XP level 7. HP: 56/57 MP: 6/6
  3293 | D:5      | Reached skill level 10 in Maces & Flails
  3304 | D:5      | Found a glowing golden altar of the Shining One.
  3335 | D:5      | Noticed soepske's ghost (amateur GnSu)
  3399 | D:5      | Killed soepske's ghost
  3399 | D:5      | Reached skill level 11 in Maces & Flails
  3657 | D:5      | Noticed Prince Ribbit
  3674 | D:5      | Killed Prince Ribbit
  3674 | D:5      | Reached XP level 8. HP: 35/64 MP: 4/7
  3858 | D:5      | Found a hide-covered altar of Uskayaw.
  4139 | D:6      | Reached skill level 12 in Maces & Flails
  4144 | D:6      | Noticed Menkaure
  4150 | D:6      | Killed Menkaure
  4150 | D:6      | Reached skill level 1 in Armour
  4160 | D:6      | Found a sand-covered staircase.
  4168 | Ossuary  | Entered an ossuary
  4761 | D:6      | Found a runed door.
  4765 | D:6      | Noticed Crazy Yiuf
  4772 | D:6      | Killed Crazy Yiuf
  4829 | D:6      | Found a blossoming altar of Fedhas.
  5145 | D:6      | Found a deep blue altar of Sif Muna.
  5149 | D:6      | Found a shattered altar of Ashenzari.
  5154 | D:6      | Found a shimmering altar of Xom.
  5215 | D:7      | Found a staircase to the Ecumenical Temple.
  5217 | D:7      | Noticed a troll
  5226 | D:7      | Killed a troll
  5226 | D:7      | Reached skill level 5 in Fighting
  5238 | Temple   | Entered the Ecumenical Temple
  5246 | Temple   | Became a worshipper of Ru the Awakened
  5254 | D:7      | Gained mutation: You cannot study or use magical devices. [Ru sacrifice]
  5254 | D:7      | Reached * piety under Ru
  5254 | D:7      | Reached ** piety under Ru
  5284 | D:7      | Noticed Pikel
  5296 | D:7      | Killed Pikel
  5296 | D:7      | Reached skill level 5 in Dodging
  5296 | D:7      | Reached XP level 9. HP: 74/75 MP: 8/8
  5563 | D:7      | Reached skill level 5 in Armour
  5595 | D:7      | Noticed Duvessa
  5596 | D:7      | Noticed Dowan
  5605 | D:7      | Killed Duvessa
  5611 | D:7      | Killed Dowan
  6583 | D:8      | Noticed a queen bee
  6624 | D:8      | Killed a queen bee
  6624 | D:8      | Reached XP level 10. HP: 50/88 MP: 9/9
  7076 | D:8      | Gained mutation: You cannot be stealthy. [Ru sacrifice]
  7076 | D:8      | Reached *** piety under Ru
  7222 | D:8      | Found a burning altar of Makhleb.
  7225 | D:8      | Found a radiant altar of Vehumet.
  7339 | D:8      | Found Ucel Faaty's Serpentskin Sales.
  7914 | D:9      | Found an ancient bone altar of Kikubaaqudgha.
  7916 | D:9      | Found a blossoming altar of Fedhas.
  8301 | D:9      | Found a staircase to the Orcish Mines.
  8517 | D:10     | Entered Level 10 of the Dungeon
  8588 | D:10     | Found a glowing golden altar of the Shining One.
  8818 | D:8      | Bought an uncursed ring of poison resistance for 300 gold pieces
  8892 | D:10     | Gained mutation: You cannot study or cast Earth magic. [Ru sacrifice]
  8892 | D:10     | Gained mutation: You cannot study or cast Transmutations magic. [Ru sacrifice]
  8892 | D:10     | Gained mutation: You cannot study or cast Summoning magic. [Ru sacrifice]
  8892 | D:10     | Reached **** piety under Ru
  8903 | D:10     | Noticed Josephine
  8928 | D:10     | Killed Josephine
  8928 | D:10     | Reached skill level 10 in Fighting
  8958 | D:10     | Reached XP level 11. HP: 46/99 MP: 5/10
  9015 | D:10     | Noticed a brown ugly thing
  9047 | D:10     | Killed a brown ugly thing
  9554 | D:10     | Reached skill level 10 in Armour
  9603 | D:10     | Reached skill level 10 in Dodging
  9833 | D:11     | Noticed a two-headed ogre
  9842 | D:11     | Killed a two-headed ogre
  9881 | D:11     | Killed an unseen horror
  9935 | D:11     | Noticed Psyche
  9940 | D:11     | Killed Psyche
 10073 | D:11     | Reached skill level 13 in Maces & Flails
 10085 | D:11     | Noticed a white ugly thing
 10106 | D:11     | Killed a white ugly thing
 10140 | D:11     | Noticed an oklob plant
 10141 | D:11     | Found a staircase to the Lair.
 10338 | D:11     | Splashed by an oklob plant's acid

Skill      XL: |  1  2  3  4  5  6  7  8  9 10 11 |
---------------+----------------------------------+-----
Maces & Flails | 4 5 6 8 9 11 12 13 | 13.1
Fighting       | 5 8 10 11 | 11.4
Armour         | 4 7 9 10 | 10.7
Dodging        | 5 7 9 10 | 10.5
Stealth        | 0 |  0.0

Action                   |  1- 3 |  4- 6 |  7- 9 | 10-12 || total
-------------------------+-------+-------+-------+-------++-------
Melee: Mace              |    78 |    98 |       |       ||   176
       Headbutt          |     9 |    23 |    79 |   167 ||   278
       Whip              |       |    63 |   439 |   707 ||  1209
Invok: Sacrifice Artific |       |       |     1 |       ||     1
       Sacrifice Stealth |       |       |       |     1 ||     1
       Sacrifice Arcana  |       |       |       |     1 ||     1
       Power Leap        |       |       |       |     2 ||     2
  Use: Scroll            |     2 |     3 |       |    13 ||    18
       Potion            |       |     6 |     8 |     3 ||    17
 Stab: Sleeping          |     3 |     1 |       |       ||     4
       Invisible         |       |       |     2 |     6 ||     8
       Distracted        |       |       |       |     2 ||     2
  Eat: Chunk             |       |     8 |    10 |    10 ||    28
       Ration            |       |       |       |     2 ||     2
Armor: Robe              |    10 |    17 |       |       ||    27
       Skin              |       |    27 |       |       ||    27
       Chain mail        |       |    38 |   133 |    29 ||   200
       Plate armour      |       |       |       |   243 ||   243
Dodge: Dodged            |    56 |    75 |   146 |   256 ||   533
